 Dungeon Crawl Stone Soup version 0.32-a0-42-ga30500b4d3 (webtiles) character file.

Game seed: 2637566888602925533

70 Ceno the Chiller (level 4, -2/38 HPs)
             Began as a Naga Ice Elementalist on Feb 2, 2024.
             Shot with a sling bullet by a goblin (7 damage)
             ... led by Robin
             ... on level 2 of the Dungeon.
             The game lasted 00:05:52 (1388 turns).

Ceno the Chiller (Naga Ice Elementalist)            Turns: 1388, Time: 00:05:52

Health: -2/38      AC:  2    Str: 12    XL:     4   Next: 22%
Magic:  1/7        EV:  9    Int: 15    God:
Gold:   70         SH:  0    Dex: 12    Spells: 3/7 levels left

rFire   . . .        i - +1 whip (venom)
rCold   . . .        (no shield)
rNeg    . . .        j - +0 leather armour
rPois   +            (no helmet)
rElec   .            (no cloak)
rCorr   .            (no gloves)
SInv    +            (no barding)
Will    .....        (no amulet)
Stlth   ++           (no ring)
HPRegen 0.26/turn    (no ring)
MPRegen 0.10/turn

%: no passive effects
@: very slow
A: AC +1, large, see invisible, deformed body, poison resistance, slowness 2,
spit poison 1, naga tail 1
a: Spit Poison


You were on level 2 of the Dungeon.
You visited 1 branch of the dungeon, and saw 2 of its levels.

You collected 70 gold pieces.

Inventory:

Hand Weapons
 f - a +0 dagger
 i - a +1 whip of venom (weapon)
Armour
 j - a +0 leather armour (worn)
Scrolls
 c - a scroll of poison {unknown}
 e - a scroll of noise {unknown}
 g - 3 scrolls of teleportation {unknown}
 h - a scroll of fear {unknown}
Potions
 a - a potion of attraction {unknown}
 b - a potion of magic
 d - 2 potions of ambrosia {unknown}
 k - a potion of enlightenment {unknown}


   Skills:
 + Level 1.6 Fighting
 - Level 1.5 Dodging
 + Level 4.2 Stealth
 - Level 2.0 Spellcasting
 * Level 4.9 Ice Magic


You had 3 spell levels left.
You knew the following spells:

 Your Spells              Type           Power      Damage    Failure   Level
a - Freeze                Ice            64%        1d7       3%          1
b - Frozen Ramparts       Ice            32%        1d5       11%         3

Your spell library contained the following spells:

 Spells                   Type           Power      Damage    Failure   Level
 Ozocubu's Armour         Ice            16%        N/A       11%         3
 Summon Ice Beast         Ice/Summ       8%         N/A       30%         3
 Call Canine Familiar     Summ           1%         N/A       63%         3
 Sigil of Binding         Hex            1%         N/A       63%         3
 Dimensional Bullseye     Hex/Tloc       0%         N/A       95%         4


Dungeon Overview and Level Annotations

Branches:
Dungeon (2/15)

Altars:

Shops:
D:2 (


Innate Abilities, Weirdness & Mutations

Your serpentine skin is tough. (AC +1)
You have supernaturally acute eyesight. (SInv)
Armour fits poorly on your strangely shaped body.
Your system is resistant to poisons. (rPois)
You cover ground very slowly.
You can spit poison.
You have a snake-like lower body.


Message History

Press: ? - help, Dir - look around, f - activate The walls around you are covered in ice.
The wall freezes the goblin.
The wall freezes Robin.
Robin throws the goblin at you!
The wall freezes the goblin.
You kill the goblin!
You hit Robin but do no damage.
Robin is poisoned.
Robin is heavily wounded.
The wall freezes the goblin. x2
You kill the goblin!
The wall freezes Robin but does no damage.
Robin hits you with a +0 spear.
The wall freezes the goblin.
You kill the goblin!
You barely miss Robin.
Robin is heavily wounded.
The wall freezes the goblin.
You kill the goblin!
The wall freezes the goblin.
The wall freezes Robin.
Robin hits you with a +0 spear.
* * * LOW HITPOINT WARNING * * *
You have reached level 4!
You feel agile.
You closely miss Robin.
Robin is severely wounded.
The wall freezes the goblin.
You kill the goblin!
The goblin unwields a +0 club.
The goblin wields a +6 sling.
The goblin shoots a sling bullet.
The sling bullet barely misses you.
The wall freezes the hobgoblin.
The wall freezes Robin.
You kill Robin!
The wall freezes the hobgoblin.
You kill the hobgoblin!
The wall freezes the goblin.
The goblin shoots a sling bullet.
The sling bullet barely misses you.
You hear a shout!
The frozen ramparts melt away as you move.
The goblin shoots a sling bullet.
The sling bullet hits you!
* * * LOW HITPOINT WARNING * * *
You see here a +0 dagger.
The goblin shoots a sling bullet.
The sling bullet hits you!
You die... g

#≈≈.....##......# ... #g
######..###.....##.# #.. #
#..# #........# #.#.# #..#
#.##...#####
#.#g######..###...........
##....g$.)##.............#.#
###?#.#g###)##.#######..##...#
#.......))..).....).....# .##
#.#.#.#.#####@.#######.## #
##...## #..# #... ##...# #..#
###.# ###.# #..# .# #.# #.÷# #
#.# #..# #.# #..####
.#####.#####<....#
#.............###.#


You could see a goblin.

Vanquished Creatures
  Robin (D:2)
  An adder (D:2)
  A ribbon worm (D:2)
  A dart slug (D:1)
  3 ball pythons (D:1)
  4 bats (D:1)
  4 endoplasms
  2 giant cockroaches (D:1)
  11 goblins
  4 hobgoblins
  2 jackals (D:1)
  A quokka (D:1)
  A frilled lizard (D:2)
  3 kobolds
  A rat (D:1)
40 creatures vanquished.

Notes
Turn   | Place    | Note
-------+----------+-------------------------------------------
     0 | D:1      | Ceno the Naga Ice Elementalist began the quest for the Orb.
     0 | D:1      | Reached XP level 1. HP: 15/15 MP: 3/3
   309 | D:1      | Reached XP level 2. HP: 20/24 MP: 1/5
   672 | D:1      | Reached skill level 1 in Fighting
   770 | D:1      | Reached XP level 3. HP: 31/31 MP: 4/6
   979 | D:1      | Learned a level 3 spell: Frozen Ramparts
  1362 | D:2      | Found Esull's Weapon Shop.
  1374 | D:2      | Noticed Robin
  1385 | D:2      | Reached XP level 4. HP: 11/38 MP: 1/7
  1385 | D:2      | Killed Robin
  1388 | D:2      | Shot with a sling bullet by a goblin

Illustrated notes

Levels and vault maps discovered:
D:1:      dpeg_arrival_renting, layout_basic
D:2:      layout_loops_ring, serial_shops, nicolae_shop_tiny_waterfront,
          ebering_ecumenical_altar_hall, basic_altar, uniq_robin

Skill      XL: |  1  2  3 |
---------------+----------+-----
Fighting       | 1 |  1.6
Stealth        | 4 |  4.2
Dodging        | |  1.5
Spellcasting   | |  2.0
Ice Magic      | |  4.9

Action                     |  1- 3 |  4- 6 || total
---------------------------+-------+-------++-------
  Melee: Unarmed           |     8 |       ||     8
         Dagger            |    11 |       ||    11
         Whip              |    23 |     1 ||    24
   Cast: Freeze            |    25 |       ||    25
         Frozen Ramparts   |     2 |       ||     2
Ability: Spit Poison       |    17 |       ||    17
   Stab: Sleeping          |     3 |       ||     3
 Armour: Robe              |    23 |       ||    23
         Leather armour    |    15 |     2 ||    17
  Dodge: Dodged            |    26 |     2 ||    28

Table legend: (Time is in decaauts)
 A = Elapsed time spent in this place.
 B = Non-inter-level travel time spent in this place.
 C = Inter-level travel time spent in this place.
 D = Time resting spent in this place.
 E = Time spent auto-exploring this place.
 F = Levels seen in this place.
 G = Mean time per level.
                   A        B        C        D        E       F      G
               +--------+--------+--------+--------+--------+-----+--------+
         Total |   1760 |   1717 |     43 |    244 |    710 |   2 |  880.0 |
       Dungeon |   1760 |   1717 |     43 |    244 |    710 |   2 |  880.0 |
               +--------+--------+--------+--------+--------+-----+--------+

Top non-repeatable levels by time:
     D:1: 1508 daAuts
     D:2: 251 daAuts
